cohdb
Replays
Latest Replays
All Replays
Popular Replays
Top Player Replays
Match Explorer
How It Works
Community
CoH3 Stats
Reddit
Sign in to upload your games and track your stats! →
Sign in with Steam
Match 32018828
Unlisted
Match 32018828
Overview
Messages
Build Orders
End
Kradschützen Motorcycle Team
Selects Italian Infantry
Panzergrenadier Squad
Panzergrenadier Squad
Construct Light Support Kompanie
MG34 Team
Selects Defensive Operations
Panzerpioneer Squad
Fire Support Elements
Flakvierling Half-track
2.5-tonne Medical Truck
MG34 Team
Selects Prepared Positions
Panzergrenadier Squad
Construct Panzerarmee Kommand
Panzer III L Medium Tank
Selects Obice 305mm Barrage
Emergency Repair Kits
Sulla
Tatari◑。
Trollak
Panda Style
Green Béret
Trash Panda
LeaveANegativeComment
ron
0
0
Comments
sign in to comment!
No comments posted yet!